 Dungeon Crawl Stone Soup version 0.13.1-22-g086cdba (webtiles) character file.

433 Kae the Insei (level 6, -3/47 HPs)
             Began as a Draconian Transmuter on Jan 1, 2014.
             Slain by a phantom (4 damage)
             ... on Level 4 of the Dungeon.
             The game lasted 00:06:53 (4777 turns).

Kae the Insei (Draconian Transmuter)                Turns: 4777, Time: 00:06:53

HP  -3/47        AC  6     Str 12      XL: 6   Next:  5%
MP   9/9         EV 12     Int 13      God:
Gold 155         SH  0     Dex 14      Spells:  2 memorised,  6 levels left

Res.Fire  : . . .   See Invis. : .     - Unarmed
Res.Cold  : . . .   Warding    : .   (armour unavailable)
Life Prot.: . . .   Conserve   : .   (no shield)
Res.Poison: .       Res.Corr.  : .   (helmet restricted)
Res.Elec. : .       Clarity    : .   (no cloak)
Sust.Abil.: . .     Spirit.Shd : .   (no gloves)
Res.Mut.  : .       Stasis     : .   (no boots)
Res.Rott. : .       Flight     : .   (no amulet)
Saprovore : . . .                    (no ring)
                                     (no ring)

@: slightly resistant to hostile enchantments, unstealthy
A: unfitting armour, AC +6
a: no special abilities


You were on level 4 of the Dungeon.
You were near starving.

You visited 1 branch of the dungeon, and saw 4 of its levels.

You collected 135 gold pieces.

Inventory:

Missiles
 b - 49 arrows
Comestibles
 a - 4 bread rations
 r - a meat ration
Scrolls
 e - 2 scrolls of magic mapping {unknown}
 f - 4 scrolls of identify {unknown}
 g - 2 scrolls of recharging {unknown}
 i - a scroll of remove curse {unknown}
 j - a scroll of curse weapon {unknown}
 k - a scroll of fog {unknown}
 n - a scroll of random uselessness {unknown}
 s - a scroll of enchant weapon II {unknown}
 y - a scroll of curse jewellery {unknown}
Jewellery
 q - a cursed -2,-2 ring of slaying {unknown}
Potions
 c - a potion of beneficial mutation {unknown}
 h - a potion of slowing {unknown}
 l - 2 potions of paralysis {unknown}
 m - a potion of magic {unknown}
 o - a potion of might {unknown}
 u - a potion of brilliance {unknown}
 z - a potion of cure mutation {unknown}
Books
 d - a book of Changes

   Spells                             Type                      Level
   *Beastly Appendage                 Transmutation                1
   *Sticks to Snakes                  Transmutation                2
   Spider Form                        Transmutation/Poison         3
   Ice Form                           Ice/Transmutation            4
   Blade Hands                        Transmutation                5


   Skills:
 - Level 1.1 Fighting
 - Level 1.7 Dodging
 * Level 5.8 Unarmed Combat
 - Level 2.0 Spellcasting
 + Level 3.9 Transmutations


You had 6 spell levels left.
You knew the following spells:

 Your Spells              Type           Power        Failure   Level  Hunger
a - Beastly Appendage     Trmt           ##....       8%          1    ##.....
b - Sticks to Snakes      Trmt           ##........   10%         2    ###....


Dungeon Overview and Level Annotations

Branches:
Dungeon (4/27)
 Temple: D:4-7

Altars:
Cheibriados
Kikubaaqudgha
Xom

Annotations:
D:2 Sigmund


Message History

An orc priest comes into view. It is wielding an orcish whip.
The orc priest shouts!
Found a scroll labeled BUAFRIHYAL.
You see here 2 stones.
You barely miss the orc priest. The orc priest barely misses you.
The ogre closely misses you.
An orc comes into view. It is wielding an orcish hand axe.
You closely miss the orc priest.
The orc priest hits you with an orcish whip.
* * * LOW HITPOINT WARNING * * *
You hit the orc priest but do no damage.
The phantom closely misses you.
The ogre hits you with a giant spiked club!
* * * LOW HITPOINT WARNING * * *
The orc priest closely misses you.
An orc comes into view.
You hit the orc priest.
The orc priest is moderately wounded.
The phantom hits you.
You die...

######(#####.#.#
# #...<)..#
##)#(#### #
#.......#
#.o...o.#####
#(......#
#.##..#(.....
#.(.....# #.
#.........
##...(...#
#.....#......
.#......(.#
#.......#####
........pO.#
#.####### #
..#######@.# #.
# . ### #o## . #
## #o# # ._ +.#
#.o #.# #.# ..#
###


You could see a phantom, an ogre, an orc priest and 2 orcs.

Vanquished Creatures
  A worker ant (D:3)
  4 orc wizards
  4 adders
  A gnoll (D:1)
  A giant mite (D:2)
  4 giant geckos
  2 oozes
  17 orcs
  6 bats
  A bat zombie (D:2)
  9 goblins
  5 hobgoblins
  2 jackals (D:2)
  8 kobolds
  2 ball pythons
  5 giant newts
  2 quokkas
  6 rats
  2 rat zombies (D:2)
82 creatures vanquished.

Notes
Turn   | Place    | Note
--------------------------------------------------------------
     0 | D:1      | Kae, the Draconian Transmuter, began the quest for the Orb.
     0 | D:1      | Reached XP level 1. HP: 16/16 MP: 1/1
   109 | D:1      | Reached XP level 2. HP: 2/23 MP: 3/3
  1062 | D:2      | Noticed Sigmund
  1063 | D:2      | Reached XP level 3. HP: 25/28 MP: 2/4
  1382 | D:2      | Reached skill level 4 in Unarmed Combat
  1459 | D:2      | Learned a level 2 spell: Sticks to Snakes
  1536 | D:2      | Found an ancient bone altar of Kikubaaqudgha.
  2008 | D:2      | Reached XP level 4. HP: 35/35 MP: 4/6
  2383 | D:3      | Found a snail-covered altar of Cheibriados.
  3589 | D:3      | Reached XP level 5. HP: 26/40 MP: 5/7
  3719 | D:4      | Reached skill level 5 in Unarmed Combat
  4683 | D:3      | Reached XP level 6. HP: 36/47 MP: 7/9
  4758 | D:4      | Noticed an ogre
  4759 | D:4      | Noticed a phantom
  4768 | D:4      | Found a shimmering altar of Xom.
  4776 | D:4      | HP: 1/47 [ogre/giant spiked club (17)]
  4777 | D:4      | Slain by a phantom

Action                   |  1- 3 |  4- 6 || total
-------------------------+-------+-------++-------
Melee: Unarmed           |   137 |   231 ||   368
 Cast: Beastly Appendage |    20 |    20 ||    40
  Use: Potion            |       |     2 ||     2
